 Dungeon Crawl Stone Soup version 0.19.1-1-g22dce08 (webtiles) character file.

1210 dngmouse the Cleaver (level 8, 0/71 HPs)
             Began as a Hill Orc Fighter on Jan 15, 2017.
             Slain by Thrillho's ghost (1 damage)
             ... on level 5 of the Dungeon.
             The game lasted 00:10:07 (4447 turns).

dngmouse the Cleaver (Hill Orc Fighter)             Turns: 4447, Time: 00:10:08

Health: 0/71       AC:  9    Str: 26    XL:     8   Next: 45%
Magic:  8/8        EV:  7    Int: 10    God:
Gold:   304        SH:  9    Dex: 10    Spells: 0 memorised, 7 levels left

rFire  . . .     SeeInvis .     a - +0 war axe
rCold  + . .     Gourm    +     b - +0 scale mail
rNeg   . . .     Faith    .     c - +0 shield
rPois  .         Spirit   .     s - +0 helmet
rElec  .         Reflect  .     (no cloak)
rCorr  .         Harm     .     (no gloves)
MR     .....                    A - +0 pair of boots
Stlth  ..........               j - amulet of the gourmand
                                h - ring of protection from cold
                                e - +2 ring of intelligence

@: mighty, liquid flames, glowing
A: no striking features
a: no special abilities


You were on level 5 of the Dungeon.
You were very full.

You visited 1 branch of the dungeon, and saw 5 of its levels.

You collected 304 gold pieces.

Inventory:

Hand Weapons
 a - a +0 war axe (weapon)
 p - a +2 mace of venom
Missiles
 t - 3 javelins (quivered)
 u - 8 tomahawks
Armour
 b - a +0 scale mail (worn)
 c - a +0 shield (worn)
 s - a +0 helmet (worn)
 A - a +0 pair of boots (worn)
Jewellery
 e - a +2 ring of intelligence (left hand)
 h - a ring of protection from cold (right hand)
 j - an amulet of the gourmand (around neck)
Wands
 k - a wand of flame (39/48)
Scrolls
 g - 5 scrolls of identify
 i - 2 scrolls of recharging
 m - 2 scrolls of enchant weapon {unknown}
 n - 3 scrolls of remove curse
 o - a scroll of noise {unknown}
 q - 3 scrolls of teleportation {unknown}
 r - a scroll of immolation {unknown}
 v - a scroll of magic mapping {unknown}
 x - a scroll of random uselessness {unknown}
 y - a scroll of amnesia {unknown}
Potions
 d - a potion of might
 z - a potion of curing
Books
 l - a book of Conjurations

   Spells                             Type                      Level
   a - Magic Dart                     Conjuration                  1
   b - Searing Ray                    Conjuration                  2
   c - Dazzling Spray                 Conjuration/Hexes            3
   d - Fulminant Prism                Conjuration/Hexes            4
   e - Iskenderun's Mystic Blast      Conjuration                  4
   f - Iskenderun's Battlesphere      Conjuration/Charms           5
Comestibles
 f - 3 bread rations
 w - a meat ration


   Skills:
 - Level 6.6 Fighting
 * Level 11.4 Axes
 - Level 3.2 Armour
 - Level 3.2 Shields


You had 7 spell levels left.
You didn't know any spells.

Dungeon Overview and Level Annotations

Branches:
Dungeon (5/15)
 Temple: D:4-7

Altars:
Ashenzari
Gozag
Okawaru

Annotations:
D:5 Thrillho's ghost, novice DEFE


Message History

Thrillho's ghost hits you.
You don't know any spells.
You feel very mighty all of a sudden. Thrillho's ghost hits you.
* * * LOW HITPOINT WARNING * * *
x2 You barely miss Thrillho's ghost.
Thrillho's ghost is heavily damaged.
Thrillho's ghost sprays you with burning goo.
The sticky flame hits you!
You are covered in liquid flames!
* * * LOW HITPOINT WARNING * * *
Your shield prevents you from hitting Thrillho's ghost.
Thrillho's ghost is heavily damaged.
You are covered in liquid flames!
* * * LOW HITPOINT WARNING * * *
Thrillho's ghost hits you.
* * * LOW HITPOINT WARNING * * *
x2 Thrillho's ghost hits you.
* * * LOW HITPOINT WARNING * * *
You die...

#####################
.....................
######.##.##########
#.########.##.#
......W@...##.##########
....$...................
o.#####.#####.########..
..?# #.# #.. .##.# #.#
#.. # #.# #.. #.# ##.
#.# ########. .........


You could see Blork the orc (wandering) and Thrillho's ghost.

Vanquished Creatures
  Menkaure (D:5)
  Duvessa (D:4)
  An ice beast (D:5)
  An ogre (D:4)
  A phantom (D:4)
  A scorpion (D:4)
  Dowan (D:4)
  3 hounds
  2 orc priests
  4 orc wizards
  Jessica (D:2)
  Terence (D:2)
  Ijyb (D:2)
  A worker ant (D:4)
  A howler monkey zombie (D:5)
  7 gnolls
  9 adders
  A shadow imp (D:3)
  3 oozes
  A worm (D:4)
  A dart slug (D:2)
  8 leopard geckos
  5 orcs
  3 giant cockroaches (D:2)
  8 hobgoblins
  3 jackals (D:3)
  A quokka (D:2)
  3 bats
  6 frilled lizards
  7 goblins
  10 kobolds
  A quokka zombie (D:5)
  8 rats
106 creatures vanquished.

Notes
Turn   | Place    | Note
-------+----------+-------------------------------------------
     0 | D:1      | dngmouse the Hill Orc Fighter began the quest for the Orb.
     0 | D:1      | Reached XP level 1. HP: 19/19 MP: 1/1
    94 | D:1      | Reached skill level 3 in Axes
   176 | D:1      | Reached XP level 2. HP: 21/27 MP: 2/2
   491 | D:1      | Found a shattered altar of Ashenzari.
   625 | D:1      | Reached XP level 3. HP: 32/33 MP: 3/3
   823 | D:1      | Reached skill level 4 in Axes
   981 | D:2      | Noticed Terence
   996 | D:2      | Killed Terence
   996 | D:2      | Reached XP level 4. HP: 24/41 MP: 4/4
  1058 | D:2      | Noticed Jessica
  1066 | D:2      | Killed Jessica
  1066 | D:2      | Reached skill level 5 in Axes
  1263 | D:2      | Reached skill level 5 in Fighting
  1265 | D:2      | Reached XP level 5. HP: 30/48 MP: 5/5
  1782 | D:3      | Noticed Ijyb
  1808 | D:2      | Killed Ijyb
  1808 | D:2      | Reached skill level 6 in Axes
  1867 | D:3      | Found an opulent altar of Gozag.
  2061 | D:3      | Reached XP level 6. HP: 55/57 MP: 6/6
  2689 | D:4      | Noticed Dowan
  2691 | D:4      | Noticed Duvessa
  2702 | D:4      | Killed Dowan
  2702 | D:4      | Reached skill level 7 in Axes
  2705 | D:4      | Gained mutation: Your spells are a little easier to cast, but a little less powerful. [potion of mutation]
  2705 | D:4      | Gained mutation: You occasionally shout uncontrollably at your foes. [potion of mutation]
  2705 | D:4      | Gained mutation: You are weak. (Str -2) [potion of mutation]
  2707 | D:4      | Killed Duvessa
  2707 | D:4      | Reached XP level 7. HP: 10/63 MP: 7/7
  2881 | D:4      | Reached skill level 8 in Axes
  3466 | D:4      | Lost mutation: You are weak. (Str -2) [potion of cure mutation]
  3466 | D:4      | Lost mutation: You occasionally shout uncontrollably at your foes. [potion of cure mutation]
  3466 | D:4      | Lost mutation: Your spells are a little easier to cast, but a little less powerful. [potion of cure mutation]
  3545 | D:4      | Reached skill level 9 in Axes
  3657 | D:4      | Found an iron altar of Okawaru.
  3914 | D:4      | Reached skill level 10 in Axes
  3914 | D:4      | Reached XP level 8. HP: 60/71 MP: 8/8
  4048 | D:5      | Entered Level 5 of the Dungeon
  4169 | D:5      | Noticed Menkaure
  4177 | D:5      | Killed Menkaure
  4328 | D:5      | Reached skill level 11 in Axes
  4433 | D:5      | Noticed Thrillho's ghost (novice DEFE)
  4447 | D:5      | HP: 1/71 [Thrillho's ghost (3)]
  4447 | D:5      | Slain by Thrillho's ghost

Skill      XL: |  1  2  3  4  5  6  7  8 |
---------------+-------------------------+-----
Axes           | 3 4 5 6 7 10 11 | 11.4
Fighting       | 4 5 6 |  6.6
Armour         | |  3.2
Shields        | |  3.2

Action                   |  1- 3 |  4- 6 |  7- 9 || total
-------------------------+-------+-------+-------++-------
Melee: War axe           |    67 |   168 |   158 ||   393
       Mace              |       |       |    10 ||    10
Throw: Javelin           |       |     2 |       ||     2
  Use: Potion            |       |     1 |     3 ||     4
       Scroll            |       |       |     3 ||     3
  Eat: Chunk             |       |     6 |    13 ||    19
Armor: Scale mail        |    19 |    80 |    58 ||   157
Dodge: Dodged            |    24 |    49 |    26 ||    99
Block: Shield            |    32 |    84 |    60 ||   176
